 Dungeon Crawl Stone Soup version 0.18.1-48-g4cf74bf (webtiles) character file.

23291 Alarkh the Spear-Bearer (level 12, -13/74 HPs)
             Began as a Mummy Earth Elementalist on July 26, 2016.
             Was an Initiate of Gozag.
             Hit by a javelin thrown by Urug (14 damage)
             ... on level 10 of the Dungeon.
             The game lasted 00:37:41 (15308 turns).

Alarkh the Spear-Bearer (Mummy Earth Elementalist) Turns: 15308, Time: 00:37:42

Health: -13/74     AC: 12    Str: 11    XL:     12   Next: 70%
Magic:  41/43      EV:  9    Int: 18    God:    Gozag
Gold:   1435       SH:  8    Dex: 17    Spells: 7 memorised, 1 level left

rFire  + . .     SeeInvis +     a - +8 lance "Wyrmbane" {slay drac, +Rage rPois rF+ AC+5}
rCold  + . .     Gourm    .     c - +4 robe of Night {+Inv MR+ SInv Stlth+}
rNeg   + + +     Faith    .     f - +1 shield {rF+}
rPois  ∞         Spirit   .     g - +0 hat {MR+}
rElec  .         Dismiss  .     E - +2 cloak {MR+}
rCorr  .         Reflect  .     D - +2 pair of gloves of Chill Winds {rN++ Dex+3}
SustAt .         Harm     .     C - +2 pair of boots
MR     ++++.                    t - amulet of magic regeneration
Stlth  +++.......               H - ring of magical power
                                h - ring of magical power

@: about to teleport, corroded, incredibly resistant to hostile enchantments,
fairly stealthy
A: no food or potions, fire vulnerability, cold resistance 1, negative energy
resistance 3, torment resistance, unbreathing
a: Potion Petition, Call Merchant, Bribe Branch, Renounce Religion, Evoke
Invisibility


You were on level 10 of the Dungeon.
You worshipped Gozag.
Gozag was noncommittal.
You were not hungry.

You visited 3 branches of the dungeon, and saw 15 of its levels.
You also visited: Labyrinth and Ice Cave.

You collected 2957 gold pieces.
You spent 930 gold pieces at shops.
You paid 592 gold pieces to Gozag.

Inventory:

Hand Weapons
 a - the +8 lance "Wyrmbane" (weapon) {slay drac, +Rage rPois rF+ AC+5}
   (You found it in a labyrinth)

   It affects your AC (+5).
   It protects you from fire.
   It protects you from poison.
   It lets you go berserk.
Missiles
 o - a throwing net (quivered)
Armour
 c - the +4 robe of Night (worn) {+Inv MR+ SInv Stlth+}
   (You found it on level 2 of the Lair of Beasts)

   It affects your resistance to hostile enchantments.
   It lets you see invisible.
   It lets you turn invisible.
   It makes you more stealthy.
 f - a +1 shield of fire resistance (worn)
 g - a +0 hat of magic resistance (worn)
 C - a +2 pair of boots (worn)
 D - the +2 pair of gloves of Chill Winds (worn) {rN++ Dex+3}
   (You bought it in a shop on level 7 of the Dungeon)

   It affects your dexterity (+3).
   It greatly protects you from negative energy.
 E - a +2 cloak of magic resistance (worn)
Magical Staves
 b - an uncursed staff of conjuration
 A - an uncursed staff of cold
Jewellery
 d - an uncursed ring of sustain attributes
 h - a ring of magical power (left hand)
 k - an uncursed ring of see invisible
 m - an uncursed ring of wizardry
 n - an uncursed ring of resist corrosion
 t - an amulet of magic regeneration (around neck)
 y - an uncursed ring of teleportation
 G - an uncursed ring of flight
 H - a ring of magical power (right hand)
 M - an uncursed ring of protection from magic
Wands
 p - a wand of digging (10/24)
 r - a wand of iceblast (7/15)
 u - a wand of acid (4/15)
 v - a wand of hasting (3/9)
 w - a wand of disintegration (17/24)
Scrolls
 e - 6 scrolls of teleportation
 i - 3 scrolls of fog
 j - 3 scrolls of recharging
 q - 7 scrolls of remove curse
 s - 3 scrolls of identify
 x - a scroll of brand weapon
 z - 3 scrolls of amnesia
 I - a scroll of enchant armour
 J - a scroll of vulnerability
 Z - 2 scrolls of magic mapping
Books
 B - a book of Misfortune

   Spells                             Type                      Level
   a - Confusing Touch                Hexes                        2
   b - Confuse                        Hexes                        3
   c - Gell's Gravitas                Hexes/Translocation          3
   d - Petrify                        Transmutation/Earth          4
   e - Metabolic Englaciation         Hexes/Ice                    5
   f - Yara's Violent Unravelling     Hexes/Transmutation          5
 F - a book of Beasts

   Spells                             Type                      Level
   a - Summon Butterflies             Summoning                    1
   b - Call Canine Familiar           Summoning                    3
   c - Summon Ice Beast               Ice/Summoning                4
   d - Summon Mana Viper              Hexes/Summoning              5
   e - Summon Hydra                   Summoning                    7
 P - a book of Power

   Spells                             Type                      Level
   a - Fulminant Prism                Conjuration/Hexes            4
   b - Iskenderun's Mystic Blast      Conjuration                  4
   c - Venom Bolt                     Conjuration/Poison           5
   d - Bolt of Magma                  Conjuration/Fire/Earth       5
   e - Iron Shot                      Conjuration/Earth            6
   f - Orb of Destruction             Conjuration                  7
   g - Spellforged Servitor           Conjuration/Summoning        7
Miscellaneous
 l - a plain deck of summoning {Repulsiveness}


   Skills:
 + Level 11.5 Polearms
 - Level 1.5 Dodging
 - Level 1.5 Stealth
 - Level 9.2 Spellcasting
 - Level 7.9 Conjurations
 - Level 0.7 Transmutations
 - Level 8.6 Earth Magic


You had one spell level left.
You knew the following spells:

 Your Spells              Type           Power        Failure   Level  Hunger
a - Stone Arrow           Conj/Erth      #####.       8%          3    N/A
b - Passwall              Trmt/Erth      ####......   14%         2    N/A
c - Lee's Rapid Deconstr  Erth           #####.....   47%         5    N/A
d - Sandblast             Erth           #####.       1%          1    N/A
e - Iskenderun's Mystic   Conj           #####...     24%         4    N/A
f - Spellforged Servitor  Conj/Summ      ###.......   100%        7    N/A
g - Iron Shot             Conj/Erth      #####.....   100%        6    N/A

Dungeon Overview and Level Annotations

Branches:
Dungeon (10/15)            Temple (1/1) D:6            Lair (4/8) D:8
  Swamp (0/4) Lair:3       Spider (0/4) Lair:4
    Orc: D:9-12

Altars:
Ashenzari
Cheibriados
Dithmenos
Fedhas
Gozag
Kikubaaqudgha
Makhleb
Nemelex Xobeh
Okawaru
Pakellas
Qazlal
Ru
Sif Muna
Trog
Vehumet
Xom
Yredelemnul
Zin
The Shining One
Jiyva

Shops:
D:7 [   Lair:2 [

Annotations:
D:10 Urug
Lair:3 exclusion: orange crystal statue


Innate Abilities, Weirdness & Mutations

You do not eat or drink.
Your flesh is vulnerable to fire.
You are immune to poison.
Your flesh is cold resistant.
You are immune to negative energy.
You are immune to unholy pain and torment.
You can survive without breathing.


Message History

The acid burns!
* * * LOW HITPOINT WARNING * * *
Casting: Stone Arrow
Confirm with . or Enter, or press ? or * to list all spells.
Aiming: Stone Arrow
Press: ? - help, Shift-Dir - straight line, f/p - Urug
Aim: Urug, wielding a war axe, wearing a ring mail and carrying a wand of acid {zapped: 3} (heavily wounded)
The stone arrow hits Urug.
Urug is severely wounded.
Urug hits you with a war axe!
* * * LOW HITPOINT WARNING * * *
Read which item? (? for menu, Esc to quit)
As you read the scroll of teleportation, it crumbles to dust.
You feel strangely unstable.
Urug zaps a wand.
Nothing appears to happen.
Urug throws a javelin.
The javelin hits you!
* * * LOW HITPOINT WARNING * * *
You see here a javelin.
Urug throws a javelin.
The javelin hits you!
You die...
Your body crumbles into a pile of gold.

#..........#
#..........#
#..........# .
###'######## ##.#
#.....# ###...#
#####'## #...# #....#
####o##### #....+
#.....(@.###### #.)..#
#.............###....#
#........####...'....#
#........# #####....#
#........# ###....###
#######.## #........#
#.# #.##+###.# ..#
#.##..##.. #.........


You could see Urug.

Vanquished Creatures
  Gastronok (Lair:1)
  A minotaur (Lab)
  Harold (Lair:3)
  Fannar (D:10)
  2 hydras (Lair:3)
  A necromancer (IceCv)
  3 ice statues (IceCv)
  A gargoyle (D:9)
  The ghost of Situis the Shield-Bearer, a novice DsFi of Okawaru (D:5)
  4 spiny frogs
  A komodo dragon (Lair:1)
  A rime drake (Lair:2)
  6 ice devils (IceCv)
  Grinder (D:5)
  Prince Ribbit (D:8)
  4 blink frogs (Lair:2)
  3 wyverns
  A wraith (D:10)
  10 yaks
  A basilisk (Lair:1)
  3 hippogriffs
  8 hungry ghosts (Lab)
  A swamp worm (Lair:3)
  8 water moccasins
  6 porcupines
  2 orc warriors
  A black bear (D:8)
  2 phantoms
  12 ice beasts
  6 ogres
  5 wolves
  5 crocodiles
  4 centaurs
  Blork the orc (D:4)
  12 giant frogs
  A wyvern zombie (D:10)
  2 scorpions
  4 killer bees (D:8)
  3 wights (D:8)
  3 howler monkeys (D:7)
  A vampire bat (Lair:3)
  2 electric eels
  2 giant frog zombies
  5 crimson imps
  2 quasits
  A centaur zombie (D:5)
  3 hounds
  5 jellies
  A draconian simulacrum (IceCv)
  8 orc priests
  Crazy Yiuf (D:4)
  2 centaur skeletons
  2 giant frog skeletons
  7 iguanas
  Terence (D:2)
  Natasha (thrice) (D:2)
  4 orc wizards
  A hell rat (D:8)
  5 troll simulacra (IceCv)
  6 worker ants
  7 sheep
  A centaur simulacrum (IceCv)
  42 river rats
  4 adders
  3 ogre simulacra (IceCv)
  3 shadow imps
  5 oozes (D:8)
  An adder skeleton (D:6)
  2 worms
  3 dart slugs
  5 giant geckos
  19 orcs
  A ball python (D:3)
  9 giant cockroaches
  8 goblins
  A hobgoblin (D:2)
  7 jackals
  5 kobolds
  12 quokkas
  12 bats
  A giant gecko skeleton (D:7)
  A giant gecko zombie (D:5)
  4 giant newts
  A jackal zombie (D:5)
  8 rats
  A fungus (D:4)
  2 plants (Lair:1)
364 creatures vanquished.

Vanquished Creatures (others)
  A black bear (D:9)
  A centaur (D:9)
  A giant frog (D:9)
  A wight (D:9)
  A killer bee (D:9)
  A hound (D:9)
  An orc (D:9)
  A quokka (D:9)
  A bush (Lair:3)
  3 fungi
12 creatures vanquished.

Grand Total: 376 creatures vanquished

Notes
Turn   | Place    | Note
--------------------------------------------------------------
     0 | D:1      | Alarkh the Mummy Earth Elementalist began the quest for the Orb.
     0 | D:1      | Reached XP level 1. HP: 13/13 MP: 3/3
   299 | D:1      | Reached XP level 2. HP: 17/19 MP: 5/5
   485 | D:1      | Learned a level 2 spell: Passwall
   743 | D:2      | Noticed Terence
   845 | D:1      | Reached XP level 3. HP: 18/24 MP: 5/6
   850 | D:1      | Learned a level 3 spell: Stone Arrow
  1065 | D:2      | Killed Terence
  1128 | D:2      | Reached XP level 4. HP: 30/30 MP: 1/8
  1375 | D:2      | Reached skill level 1 in Conjurations
  1380 | D:2      | Noticed Natasha
  1388 | D:2      | Killed Natasha
  1459 | D:2      | Noticed Natasha
  1463 | D:2      | Killed Natasha
  1551 | D:2      | Noticed Natasha
  1558 | D:2      | Killed Natasha
  1558 | D:2      | Reached XP level 5. HP: 23/35 MP: 10/10
  1842 | D:3      | Found a glowing silver altar of Zin.
  2329 | D:4      | Noticed an ogre
  2334 | D:4      | Killed an ogre
  2382 | D:4      | Reached XP level 6. HP: 21/41 MP: 6/11
  2587 | D:4      | Found a sparkling altar of Nemelex Xobeh.
  2730 | D:4      | Noticed Blork the orc
  2734 | D:4      | Killed Blork the orc
  2779 | D:4      | Reached XP level 7. HP: 4/46 MP: 3/13
  3274 | D:4      | Noticed Crazy Yiuf
  3278 | D:4      | Killed Crazy Yiuf
  3317 | D:5      | Entered Level 5 of the Dungeon
  3381 | D:5      | Noticed Grinder
  3389 | D:5      | Paralysed by Grinder for 6 turns
  3400 | D:5      | Killed Grinder
  3400 | D:5      | Reached skill level 5 in Spellcasting
  3400 | D:5      | Reached skill level 5 in Earth Magic
  3432 | D:5      | Reached XP level 8. HP: 19/52 MP: 4/15
  3559 | D:5      | Noticed Situis's ghost (novice DsFi)
  3583 | D:5      | Killed Situis's ghost
  3759 | D:5      | Found a basalt altar of Yredelemnul.
  4331 | D:5      | Reached skill level 5 in Conjurations
  4606 | D:6      | Reached XP level 9. HP: 57/57 MP: 15/18
  4621 | D:6      | Found an opulent altar of Gozag.
  4735 | D:6      | Became a worshipper of Gozag Ym Sagoz the Greedy
  5016 | D:6      | Found a shadowy altar of Dithmenos.
  5016 | D:6      | Found a stormy altar of Qazlal.
  5071 | D:6      | Found a staircase to the Ecumenical Temple.
  5086 | Temple   | Entered the Ecumenical Temple
  5720 | D:7      | Found Xupamasu's Antique Armour Shop.
  5732 | D:7      | Bought a pair of runed boots for 117 gold pieces
  5732 | D:7      | Bought a pair of transparent gloves for 247 gold pieces
  5732 | D:7      | Bought an embroidered cloak for 117 gold pieces
  5737 | D:7      | Identified the +2 pair of gloves of Chill Winds {rN++ Dex+3} (You bought it in a shop on level 7 of the Dungeon)
  6473 | D:8      | Noticed Prince Ribbit
  6477 | D:8      | Killed Prince Ribbit
  6524 | D:8      | Got a translucent long sword
  6525 | D:8      | Identified the +8 long sword "Kygoqawn" {elec, Int+6} (You found it on level 8 of the Dungeon)
  6661 | D:8      | Found a staircase to the Lair.
  6693 | D:8      | Reached XP level 10. HP: 41/63 MP: 3/22
  7071 | D:8      | Found a viscous altar of Jiyva.
  7135 | Lair:1   | Entered Level 1 of the Lair of Beasts
  7240 | Lair:2   | Noticed Gastronok
  7308 | Lair:2   | Found a labyrinth entrance.
  7317 | Lab      | Entered a labyrinth
  7631 | Lab      | Noticed a minotaur
  7644 | Lab      | Killed a minotaur
  7656 | Lab      | Got a jewelled dagger
  7656 | Lab      | Got a fine robe
  7746 | Lair:2   | Found a frozen archway.
  7749 | IceCv    | Entered an ice cave
  7768 | IceCv    | Reached skill level 1 in Polearms
  8003 | IceCv    | Reached skill level 2 in Polearms
  8003 | IceCv    | Reached XP level 11. HP: 30/68 MP: 19/24
  8196 | IceCv    | Identified the +0 robe of Utta {rElec rC- Int+7} (You found it in a labyrinth)
  8214 | IceCv    | Learned a level 5 spell: Lee's Rapid Deconstruction
  8327 | IceCv    | Reached skill level 3 in Polearms
  8596 | IceCv    | Reached skill level 4 in Polearms
  9152 | IceCv    | Noticed a necromancer
  9156 | IceCv    | Killed a necromancer
  9156 | IceCv    | Reached skill level 5 in Polearms
  9211 | IceCv    | Got a faintly humming plate armour
  9212 | IceCv    | Identified the +6 plate armour "Yluec Zidu" {*Drain rC- Dex+3 Slay+5} (You found it in an ice cave)
  9405 | Lair:2   | Reached skill level 6 in Polearms
  9773 | Lair:1   | Reached skill level 7 in Polearms
  9922 | Lair:1   | Killed Gastronok
  9922 | Lair:1   | Reached skill level 8 in Polearms
 10144 | Lair:2   | Bought a glowing ring mail for 124 gold pieces
 10144 | Lair:2   | Bought a shiny shield for 139 gold pieces
 10144 | Lair:2   | Bought a glowing ring mail for 124 gold pieces
 10144 | Lair:2   | Bought a dyed leather armour for 62 gold pieces
 10489 | Lair:2   | Reached XP level 12. HP: 74/74 MP: 25/25
 10657 | Lair:2   | Reached skill level 9 in Polearms
 11387 | Lair:3   | Noticed a four-headed hydra
 11395 | Lair:3   | Killed a four-headed hydra
 11413 | Lair:3   | Noticed Harold
 11424 | Lair:3   | Killed Harold
 11742 | Lair:3   | Found a staircase to the Swamp.
 11782 | Lair:3   | Reached skill level 10 in Polearms
 12654 | Lair:2   | Learned a level 4 spell: Iskenderun's Mystic Blast
 12662 | Lair:2   | Learned a level 7 spell: Spellforged Servitor
 12670 | Lair:2   | Learned a level 5 spell: Bolt of Magma
 12739 | Lair:3   | Noticed a five-headed hydra
 13110 | Lair:4   | Found a hole to the Spider Nest.
 13122 | Lair:4   | Learned a level 6 spell: Iron Shot
 13330 | Lair:4   | Noticed a death yak
 13345 | Lair:4   | Noticed a death yak
 13346 | Lair:4   | Noticed a death yak
 13347 | Lair:4   | Noticed a death yak
 13347 | Lair:4   | Noticed a death yak
 13350 | Lair:4   | Noticed a death yak
 13397 | Lair:3   | HP: 3/74 [death yak (8)]
 13767 | Lair:3   | Killed a five-headed hydra
 14612 | D:9      | Reached skill level 11 in Polearms
 14641 | D:9      | Found a shimmering altar of Xom.
 14901 | D:10     | Entered Level 10 of the Dungeon
 14964 | D:10     | Noticed Fannar
 14983 | D:10     | Killed Fannar
 15294 | D:10     | Noticed Urug
 15307 | D:10     | HP: 1/74 [Urug/javelin (13)]
 15308 | D:10     | Hit by a javelin thrown by Urug

Skill      XL: |  1  2  3  4  5  6  7  8  9 10 11 12 |
---------------+-------------------------------------+-----
Earth Magic    | 3 4 5 6 7 8 |  8.6
Spellcasting   | 3 4 5 6 8 9 |  9.2
Conjurations   | 1 2 3 5 6 7 |  7.9
Polearms       | 2 8 11 | 11.5
Dodging        | |  1.5
Stealth        | |  1.5
Transmutations | |  0.7

Action                   |  1- 3 |  4- 6 |  7- 9 | 10-12 || total
-------------------------+-------+-------+-------+-------++-------
Melee: Unarmed           |     4 |       |       |       ||     4
       Mace              |     3 |       |       |       ||     3
       Dagger            |    12 |     1 |    28 |     2 ||    43
       Long sword        |       |       |     4 |    58 ||    62
       Lance             |       |       |       |   408 ||   408
Throw: Stone             |       |       |       |     3 ||     3
       Throwing net      |       |       |       |     2 ||     2
 Cast: Sandblast         |    59 |    90 |   133 |       ||   282
       Stone Arrow       |    10 |     5 |    85 |   368 ||   468
       Lee's Rapid Decon |       |       |       |     6 ||     6
       Iskenderun's Myst |       |       |       |    25 ||    25
Invok: Call Merchant     |       |       |       |     1 ||     1
Evoke: Wand              |       |       |       |     4 ||     4
  Use: Scroll            |     3 |     1 |     5 |    18 ||    27
 Stab: Distracted        |       |       |       |     4 ||     4
       Sleeping          |       |       |       |    14 ||    14
       Held in net/web   |       |       |       |     1 ||     1
Armor: Robe              |    23 |     5 |    26 |   139 ||   193
       Ring mail         |       |       |       |    95 ||    95
       Leather armour    |       |       |       |    12 ||    12
Dodge: Dodged            |    44 |    25 |    53 |   197 ||   319
Block: Shield            |       |       |       |    81 ||    81
